 Dungeon Crawl Stone Soup version 0.28.0-43-g3370ac3207 (webtiles) character file.

Game seed: 577267605159683183

216 zeratav the Sneak (level 5, -1/23 (24) HPs)
             Began as a Spriggan Enchanter on Mar 31, 2022.
             Succumbed to a kobold brigand's curare-tipped dart
             ... on level 4 of the Dungeon.
             The game lasted 00:19:42 (4958 turns).

zeratav the Sneak (Spriggan Enchanter)              Turns: 4958, Time: 00:19:44

HP:   -1/23 (24)    AC:  3    Str:  4    XL:     5   Next: 61%
MP:   3/11          EV: 18    Int: 17    God:
Gold: 127           SH:  0    Dex: 17    Spells: 4/11 levels left

rFire   . . .      SeeInvis +   a - +1 dagger
rCold   . . .      Faith    .   (no shield)
rNeg    . . .      Spirit   .   b - +0 robe
rPois   .          Reflect  .   (helmet restricted)
rElec   .          Harm     .   f - +0 cloak
rCorr   .          Rampage  .   (gloves unavailable)
Will    .....                   (boots unavailable)
Stlth   +++.......              (no amulet)
HPRegen 0.07/turn               (no ring)
MPRegen 0.12/turn               (no ring)

@: lethally poisoned (-1 -> -12), flying, very slightly contaminated, hasted and
slowed, lightly drained, very quick
A: very small, no large weapons, unfitting armour, see invisible, speed 3
a: no special abilities


You were on level 4 of the Dungeon.
You visited 1 branch of the dungeon, and saw 4 of its levels.

You collected 127 gold pieces.

Inventory:

Hand Weapons
 a - a +1 dagger (weapon)
 k - a +0 hunting sling
 p - a +4 whip of pain
Missiles
 d - 24 sling bullets
 g - 28 stones (quivered)
Armour
 b - a +0 robe (worn)
 f - a +0 cloak (worn)
Scrolls
 i - a scroll of magic mapping {unknown}
 j - a scroll of silence
 l - a scroll of fear {unknown}
 m - 3 scrolls of enchant weapon {unknown}
 n - a scroll of identify
 o - a scroll of teleportation {unknown}
Potions
 c - a potion of invisibility
 h - a potion of flight
 q - a potion of heal wounds {unknown}


   Skills:
 + Level 0.1 Fighting
 + Level 1.6 Short Blades
 + Level 3.2 Dodging
 + Level 6.6 Stealth
 + Level 3.6 Spellcasting
 + Level 4.6 Hexes
 + Level 1.3 Ice Magic
 * Level 1.2 Earth Magic


You had 4 spell levels left.
You knew the following spells:

 Your Spells              Type           Power      Damage    Failure   Level
a - Ensorcelled Hibernat  Hex/Ice        26%        N/A       7%          2
b - Confusing Touch       Hex            18%        N/A       7%          3
c - Passwall              Tmut/Erth      4%         N/A       19%         2

Your spell library contained the following spells:

 Spells                   Type           Power      Damage    Failure   Level
 Tukima's Dance           Hex            18%        N/A       7%          3
 Sandblast                Erth           14%        2d6       10%         1
 Dazzling Flash           Conj/Hex       22%        N/A       19%         3
 Frozen Ramparts          Ice            14%        1d3       28%         3
 Stone Arrow              Conj/Erth      10%        3d7       36%         3
 Gell's Gravitas          Tloc           3%         N/A       43%         3
 Lesser Beckoning         Tloc           3%         N/A       43%         3
 Teleport Other           Tloc           3%         N/A       43%         3
 Ice Form                 Ice/Tmut       5%         N/A       77%         4
 Summon Ice Beast         Ice/Summ       5%         N/A       77%         4


Dungeon Overview and Level Annotations

Branches:
Dungeon (4/15)
 Temple: D:4-7

Altars:
Dithmenos
Makhleb


Innate Abilities, Weirdness & Mutations

You are very small and have problems with some larger weapons.
You are too small for most types of armour.
You have supernaturally acute eyesight. (SInv)
You cover ground extremely quickly. (Speed+++)


Message History

Aiming: Ensorcelled Hibernation (safe; 7% risk of failure)
Press: ? - help, Shift-Dir - straight line, f - kobold brigand
Aim: a kobold brigand, wielding a +2 dagger of draining and quivering curare-tipped darts (chance to affect: 47%)
The kobold brigand resists with some effort.
The kobold brigand throws a curare-tipped dart.
The curare-tipped dart barely misses you.
Casting: Ensorcelled Hibernation (safe; 7% risk of failure)
Confirm with . or Enter, or press ? or * to list all spells.
Aiming: Ensorcelled Hibernation (safe; 7% risk of failure)
Press: ? - help, Shift-Dir - straight line, f/p - kobold brigand
Aim: a kobold brigand, wielding a +2 dagger of draining and quivering curare-tipped darts (chance to affect: 47%)
The kobold brigand resists with some effort.
Casting: Ensorcelled Hibernation (safe; 7% risk of failure)
Confirm with . or Enter, or press ? or * to list all spells.
Aiming: Ensorcelled Hibernation (safe; 7% risk of failure)
Press: ? - help, Shift-Dir - straight line, f/p - kobold brigand
Aim: a kobold brigand, wielding a +2 dagger of draining and quivering curare-tipped darts (chance to affect: 47%)
The kobold brigand resists with some effort.
Casting: Ensorcelled Hibernation (safe; 7% risk of failure)
Confirm with . or Enter, or press ? or * to list all spells.
Aiming: Ensorcelled Hibernation (safe; 7% risk of failure)
Press: ? - help, Shift-Dir - straight line, f/p - kobold brigand
Aim: a kobold brigand, wielding a +2 dagger of draining and quivering curare-tipped darts (chance to affect: 47%)
You miscast Ensorcelled Hibernation.
You are very lightly contaminated with residual magic.
Nothing appears to happen.
The kobold shouts!
The kobold brigand hits you with a +2 dagger of draining!
You feel drained.
The kobold brigand throws a curare-tipped dart.
The curare-tipped dart hits you.
You are lethally poisoned!
You have difficulty breathing.
You feel yourself slow down.
It was a potion of haste.
You feel yourself speed up.
* * * LOW HITPOINT WARNING * * *
You feel very sick.
It was a potion of flight.
You feel very buoyant.
You fly up into the air.
You die...

#.# #.#..####### ...
#.###.##.# # ..
#.....##.# ..
#.#.#.##.# ###.#
#...#.##.# ##....#
###.#.##.# .......
#.#.##.#
...K...######...##.#
≈
..>....K.@.......<.#
≈
...######'.........##
≈ #≈≈≈≈≈#####......##
≈ #.S..≈
#.#.....##### #....≈
#.#.......^# #....≈
..###.#)#### #'#####
# ##...#).# .
#.###).# ...........#
#. #..#


You could see a kobold brigand and a kobold.

Vanquished Creatures
  Crazy Yiuf (D:2)
  A hound (D:4)
  An iguana (D:3)
  5 adders
  A worm (D:2)
  8 orcs
  5 bats
  7 endoplasms
  A giant cockroach (D:1)
  6 goblins
  5 hobgoblins
  3 jackals (D:1)
  A quokka (D:1)
  8 ball pythons
  2 frilled lizards (D:1)
  14 kobolds
  6 rats
75 creatures vanquished.

Notes
Turn   | Place    | Note
-------+----------+-------------------------------------------
     0 | D:1      | zeratav the Spriggan Enchanter began the quest for the Orb.
     0 | D:1      | Reached XP level 1. HP: 9/9 MP: 5/5
   334 | D:1      | Reached XP level 2. HP: 13/13 MP: 6/6
   337 | D:1      | Learned a level 2 spell: Ensorcelled Hibernation
  1582 | D:1      | Reached XP level 3. HP: 12/16 MP: 1/8
  1958 | D:2      | Reached skill level 5 in Stealth
  2437 | D:2      | Found a runed translucent door.
  2438 | D:2      | Noticed Crazy Yiuf
  2444 | D:2      | Killed Crazy Yiuf
  2445 | D:2      | Reached skill level 1 in Ice Magic
  2445 | D:2      | Reached XP level 4. HP: 21/21 MP: 4/9
  2607 | D:2      | Found a faded altar of an unknown god.
  2757 | D:2      | Learned a level 3 spell: Confusing Touch
  2760 | D:2      | Learned a level 2 spell: Passwall
  3424 | D:3      | Reached skill level 6 in Stealth
  3424 | D:3      | Reached XP level 5. HP: 24/24 MP: 8/11
  4348 | D:4      | Reached skill level 1 in Earth Magic
  4490 | D:4      | Found a burning altar of Makhleb.
  4525 | D:4      | Found a shadowy altar of Dithmenos.
  4958 | D:4      | Succumbed to a kobold brigand's curare-tipped dart

Illustrated notes

Levels and vault maps discovered:
D:1:      kennysheep_arrival_seaside, layout_loops_cross, minmay_misc_feat_cross
D:2:      layout_rooms, shapermc_ecumenical_altar_mp_vishouse,
          nicolae_concentric_dashed_squares_wild, uniq_crazy_yiuf_cottage
D:3:      layout_basic
D:4:      cheibrodos_thug_alley, layout_basic, mainiacjoe_overflow_two_lobes,
          minitemple, serial_rivers, chequers_serial_rivers_room_a,
          chequers_serial_rivers_small_3, chequers_serial_rivers_small_b,
          chequers_serial_rivers_small_b, chequers_serial_rivers_large_a,
          chequers_serial_rivers_room_a

Skill      XL: |  1  2  3  4  5 |
---------------+----------------+-----
Dodging        | 3 |  3.2
Hexes          | 4 |  4.6
Spellcasting   | 3 |  3.6
Stealth        | 5 6 |  6.6
Ice Magic      | 1 |  1.3
Earth Magic    | 1 |  1.2
Fighting       | |  0.1
Short Blades   | |  1.6

Action                   |  1- 3 |  4- 6 || total
-------------------------+-------+-------++-------
Melee: Dagger            |   110 |    57 ||   167
       Punch             |     2 |     1 ||     3
 Cast: Ensorcelled Hiber |    38 |    46 ||    84
  Use: Scroll            |       |     2 ||     2
       Potion            |       |     2 ||     2
 Stab: Sleeping          |    23 |    34 ||    57
Armor: Robe              |    15 |     3 ||    18
Dodge: Dodged            |   102 |    44 ||   146
